 Dungeon Crawl Stone Soup version 0.28-a0-535-g6f645e4c1d (webtiles) character file.

Game seed: 17326261009554039176

448 toffzen the Skirmisher (level 7, -11/55 HPs)
             Began as a Djinni Cinder Acolyte on Sept 27, 2021.
             Was a High Priest of Ignis.
             Mangled by a gnoll (13 damage)
             ... on level 3 of the Dungeon.
             The game lasted 00:06:52 (4918 turns).

toffzen the Skirmisher (Djinni Cinder Acolyte)      Turns: 4918, Time: 00:06:52

Health: -11/55     AC:  3    Str: 13    XL:     7   Next: 24%
Gold:   105        EV: 11    Int: 17    God:    Ignis [*****.] SH:  0 Dex:  9

rFire   + + +      SeeInvis .   i - +4 short sword
rCold   x . .      Faith    .   (no shield)
rNeg    . . .      Spirit   .   b - +0 robe
rPois   ∞          Reflect  .   (no helmet)
rElec   .          Harm     .   o - +0 cloak
rCorr   .          Rampage  .   (no gloves)
Will    .....                   (boots unavailable)
Stlth   +.........              (no amulet)
HPRegen 0.18/turn               (no ring)
MPRegen 0.00/turn               (no ring)

@: flying
A: sickness immunity, fire resistance 2, cold vulnerability 1, float, innate
caster, hp casting, extra vitality 1
a: Renounce Religion, Sea of Fire, Foxfire Swarm, Rising Flame


You were on level 3 of the Dungeon.
You worshipped Ignis.
Ignis was extremely pleased with you.
You visited 1 branch of the dungeon, and saw 4 of its levels.

You collected 105 gold pieces.

Inventory:

Hand Weapons
 a - a +0 mace of holy wrath
 i - a +4 short sword (weapon)
Missiles
 d - 45 sling bullets
 h - 124 stones
 k - 19 poisoned darts
Armour
 b - a +0 robe (worn)
 o - a +0 cloak (worn)
Wands
 p - a wand of flame (15)
Scrolls
 c - a scroll of noise {unknown}
 e - a scroll of torment {unknown}
 f - a scroll of enchant armour {unknown}
 g - a scroll of fog {unknown}
 n - a scroll of acquirement {unknown}
 r - a scroll of identify
Potions
 j - 2 potions of might
 l - a potion of ambrosia
 m - a potion of resistance
 q - a potion of flight {unknown}
 s - a potion of attraction {unknown}


   Skills:
 + Level 5.8 Fighting
 - Level 2.6 Long Blades
 + Level 4.5 Spellcasting


You had 7 spell levels left.
You knew the following spells:

 Your Spells              Type           Power      Damage    Failure   Level
a - Scorch                Fire           38%        2d7       3%          2
b - Beastly Appendage     Tmut           38%        N/A       2%          1
c - Slow                  Hex            19%        N/A       3%          2
d - Confusing Touch       Hex            19%        N/A       7%          3
Your spell library was empty.

Dungeon Overview and Level Annotations

Branches:
Dungeon (4/15)
 Temple: D:4-7

Altars:
Ru
Trog
Xom

Shops:
D:1 (

Annotations:
D:1 exclusion: downstairs


Innate Abilities, Weirdness & Mutations

You are immune to sickness and miasma.
You are immune to poison.
Your flesh is very heat resistant. (rF++)
You are vulnerable to cold. (rC-)
You float through the air rather than walking.
You learn spells naturally, not from books.
Your magical power is your life essence.
You have superior vitality. (+4 HP)


Message History

Casting: Scorch (safe; 3% risk of failure)
Confirm with . or Enter, or press ? or * to list all spells.
Flames lash the gnoll.
The gnoll is heavily wounded.
The gnoll's fire resistance burns away.
The gnoll misses you. The gnoll closely misses you. x2
You fly upwards.
There is a stone staircase leading down here.
Casting: Scorch (safe; 3% risk of failure)
Confirm with . or Enter, or press ? or * to list all spells.
Flames lash the gnoll.
The gnoll is burned terribly!
You kill the gnoll!
You start resting.
HP restored.
You fly downwards.
The gnoll hits you with a +0 club. The gnoll hits you with a +3 halberd!
There is a stone staircase leading up here.
The gnoll hits you with a +0 club. The gnoll closely misses you.
You fly upwards.
There is a stone staircase leading down here.
Casting: Scorch (safe; 3% risk of failure)
Confirm with . or Enter, or press ? or * to list all spells.
Flames lash the gnoll.
The gnoll is burned terribly!
The gnoll is severely wounded.
The gnoll is no longer more vulnerable to fire.
The gnoll barely misses you. The gnoll hits you with a +3 halberd!
Casting: Scorch (safe; 3% risk of failure)
Confirm with . or Enter, or press ? or * to list all spells.
Flames lash the gnoll.
The gnoll is almost dead.
The gnoll's fire resistance burns away.
The gnoll hits you with a +0 club.
* * * LOW HITPOINT WARNING * * *
The gnoll hits you with a +3 halberd!
* * * LOW HITPOINT WARNING * * *
Casting: Scorch (safe; 3% risk of failure)
Confirm with . or Enter, or press ? or * to list all spells.
You don't have enough health to cast this spell.
Okay, then.
The gnoll hits you from afar with a +3 halberd!
You die...

#...#.#.### #.# #..#.#
##.##..#.## #.# #..#>#
#.##.###.####.###..#.# #.#.##
##............#
#.##.###.####.###..###
#.###.#.####........#
##.####.#...).g......#
#...###.#.###g####...#########
###.#.......# #@#
##........... #.....###.###
#.# ############ #.##### #.#
#.# #....## #.# #.#####.####
#.##... #.# #..........#
#<##### #.# ##.#####.##.# #.#
#.# #........##†## #.# ##.####
#......#.##..# #.#
#.....###..#.........# #.#


You could see 2 gnolls.

Vanquished Creatures
  Sigmund (D:2)
  A gnoll shaman (D:4)
  Terence (D:3)
  7 gnolls
  7 adders (D:3)
  3 worms
  2 dart slugs
  An orc (D:3)
  10 ball pythons
  10 endoplasms
  6 giant cockroaches
  5 hobgoblins
  3 jackals (D:3)
  9 kobolds
  3 quokkas
  7 bats
  4 frilled lizards (D:1)
  5 goblins
  24 rats
109 creatures vanquished.

Notes
Turn   | Place    | Note
-------+----------+-------------------------------------------
     0 | D:1      | toffzen the Djinni Cinder Acolyte began the quest for the
                  | Orb.
     0 | D:1      | Reached XP level 1. HP: 20/20 MP: 0/0
   132 | D:1      | Reached XP level 2. HP: 25/25 MP: 0/0
   450 | D:1      | Found Isesch's Weapon Emporium.
   872 | D:1      | Reached XP level 3. HP: 24/30 MP: 0/0
   872 | D:1      | Learned a level 1 spell: Beastly Appendage
  1810 | D:2      | Reached XP level 4. HP: 16/37 MP: 0/0
  2114 | D:2      | Noticed Sigmund
  2396 | D:2      | Reached skill level 4 in Fighting
  2480 | D:2      | Killed Sigmund
  2481 | D:2      | Reached skill level 5 in Fighting
  2481 | D:2      | Reached XP level 5. HP: 31/43 MP: 0/0
  2481 | D:2      | Learned a level 2 spell: Slow
  2481 | D:2      | Reached XP level 6. HP: 36/49 MP: 0/0
  3304 | D:2      | Found a faded altar of an unknown god.
  4146 | D:3      | Noticed Terence
  4148 | D:3      | Killed Terence
  4149 | D:3      | Reached XP level 7. HP: 50/54 MP: 0/0
  4149 | D:3      | Learned a level 3 spell: Confusing Touch
  4203 | D:3      | Found a shimmering altar of Xom.
  4203 | D:3      | Found a sacrificial altar of Ru.
  4203 | D:3      | Found a bloodstained altar of Trog.
  4917 | D:3      | HP: 2/55 [gnoll (14)]
  4918 | D:3      | Mangled by a gnoll

Illustrated notes

Levels and vault maps discovered:
D:1:      wander_arrival_estate, layout_basic, serial_shops, shop,
          minmay_split_cup_small
D:2:      layout_loops_ring, ebering_ecumenical_altar_webs, serial_bayou_pond_c,
          minmay_rat_hole, uniq_sigmund
D:3:      layout_loops_ring, gammafunk_temple_overflow_claw,
          minmay_stone_trees_small, minmay_vboxes, uniq_terence
D:4:      layout_basic

Skill      XL: |  1  2  3  4  5  6 |
---------------+-------------------+-----
Spellcasting   | 3 4 |  4.5
Fighting       | 5 |  5.8
Long Blades    | |  2.6

Action                   |  1- 3 |  4- 6 |  7- 9 || total
-------------------------+-------+-------+-------++-------
Melee: Falchion          |    10 |       |       ||    10
 Cast: Scorch            |    45 |    77 |    23 ||   145
  Use: Scroll            |       |     3 |       ||     3
Armor: Robe              |     8 |     1 |       ||     9
Dodge: Dodged            |    11 |    14 |     6 ||    31

Table legend: (Time is in decaauts)
 A = Elapsed time spent in this place.
 B = Non-inter-level travel time spent in this place.
 C = Inter-level travel time spent in this place.
 D = Time resting spent in this place.
 E = Time spent auto-exploring this place.
 F = Levels seen in this place.
 G = Mean time per level.
                   A        B        C        D        E       F      G
               +--------+--------+--------+--------+--------+-----+--------+
         Total |   4922 |   4825 |     97 |   2220 |   1437 |   4 | 1230.5 |
       Dungeon |   4922 |   4825 |     97 |   2220 |   1437 |   4 | 1230.5 |
               +--------+--------+--------+--------+--------+-----+--------+

Top non-repeatable levels by time:
     D:1: 2155 daAuts
     D:2: 1409 daAuts
     D:3: 1248 daAuts
     D:4: 109 daAuts
